 Dungeon Crawl Stone Soup version 0.27.1 (webtiles) character file.

Game seed: 12926412399092935161

499 ZARRMARR the Ruffian (level 6, 0/62 HPs)
             Began as a Troll Monk on Aug 28, 2021.
             Slain by a lemure (7 damage)
             ... led by Pikel
             ... on level 5 of the Dungeon.
             The game lasted 00:13:01 (3002 turns).

ZARRMARR the Ruffian (Troll Monk)                   Turns: 3002, Time: 00:13:03

Health: 0/62       AC:  5    Str: 20    XL:     6   Next: 94%
Magic:  5/5        EV: 10    Int:  6    God:
Gold:   193        SH:  0    Dex: 14    Spells: 5/5 levels left

rFire    + . .     SeeInvis .     - Unarmed
rCold    . . .     Faith    .   (no shield)
rNeg     . . .     Spirit   .   a - +1 robe
rPois    .         Reflect  .   (helmet restricted)
rElec    .         Harm     .   (no cloak)
rCorr    .         Rampage  .   (gloves unavailable)
Will     .....                  (boots unavailable)
Stlth    ++........             (no amulet)
HPRegen  1.20/turn              k - ring of protection from fire
MPRegen  0.09/turn              (no ring)

@: no status effects
A: large, unfitting armour, claws 3, regeneration 1, shaggy fur 1, tough skin 1
a: no special abilities


You were on level 5 of the Dungeon.
You visited 1 branch of the dungeon, and saw 5 of its levels.

You collected 193 gold pieces.

Inventory:

Hand Weapons
 f - a +0 great mace
Armour
 a - a +1 robe (worn)
Magical Staves
 n - a staff of air
Jewellery
 k - a ring of protection from fire (left claw)
Scrolls
 d - 2 scrolls of fog
 l - 2 scrolls of teleportation
Potions
 b - a potion of lignification
 c - a potion of invisibility
 e - a potion of flight {unknown}
 g - a potion of brilliance {unknown}
 h - 2 potions of curing
 i - a potion of mutation {unknown}
 j - a potion of haste {unknown}


   Skills:
 + Level 4.1 Fighting
 - Level 2.4 Dodging
 - Level 1.0 Stealth
 + Level 6.8 Unarmed Combat


You had 5 spell levels left.
You didn't know any spells.
Your spell library contained the following spells:

 Spells                   Type           Power      Damage    Failure   Level
 Ensorcelled Hibernation  Hex/Ice        0%         N/A       58%         2
 Slow                     Hex            0%         N/A       58%         2
 Confusing Touch          Hex            0%         N/A       83%         3
 Spider Form              Tmut/Pois      0%         N/A       83%         3
 Vampiric Draining        Necr           0%         2d6       83%         3
 Shadow Creatures         Summ           N/A        N/A       100%        6


Dungeon Overview and Level Annotations

Branches:
Dungeon (5/15)
 Temple: D:4-7

Altars:
Nemelex Xobeh
Trog

Shops:
D:5 :

Annotations:
D:5 Pikel


Innate Abilities, Weirdness & Mutations

You are too large for most types of armour.
You have claws for hands.
Your natural rate of healing is unusually fast.
You are covered in fur. (AC +1)
You have tough skin. (AC +1)


Message History

Pikel hits you with a +0 whip of freezing.
Pikel freezes you.
Pikel cracks his whip.
Pikel hits you with a +0 whip of freezing.
Pikel freezes you. The lemure hits you!
There is a stone staircase leading up here.
You scratch Pikel.
Pikel is lightly wounded.
The lemure hits you.
Pikel hits you with a +0 whip of freezing.
Pikel freezes you.
You claw Pikel!
Pikel is heavily wounded.
The lemure hits you.
Pikel hits you with a +0 whip of freezing.
Pikel freezes you.
You barely miss Pikel.
Pikel is moderately wounded.
Pikel completely misses you. The lemure closely misses you.
You scratch Pikel but do no damage.
Pikel is moderately wounded.
You closely miss Pikel.
Pikel is moderately wounded.
Pikel hits you with a +0 whip of freezing!
Pikel freezes you. The lemure closely misses you.
You mangle Pikel!!
Pikel is almost dead.
Pikel hits you with a +0 whip of freezing.
* * * LOW HITPOINT WARNING * * *
Pikel freezes you.
* * * LOW HITPOINT WARNING * * *
The lemure misses you.
You barely miss Pikel.
Pikel is almost dead.
Pikel hits you with a +0 whip of freezing!
* * * LOW HITPOINT WARNING * * *
Pikel freezes you.
* * * LOW HITPOINT WARNING * * *
The lemure hits you!
You die...

.....#..##.....#.......
.....#..##.##..#.......
#..##.##........$#
#..##.##5..(......
#.##†#...#..##
#.##.#....... ##.
#.#.#.#..#
....#...#K#..###
#........@.......
##..##.(5..#..### #.
#..........#
..........# #
..##.##..#..# #.
#.##....... . ..
......#.# ... .........


You could see Pikel and a lemure.

Vanquished Creatures
  A necrophage (D:4)
  A phantom (D:4)
  3 lemures
  A scorpion (D:4)
  A howler monkey (D:4)
  A centaur zombie (D:4)
  Terence (D:2)
  2 iguanas
  A hound skeleton (D:3)
  A gnoll (D:2)
  4 adders
  An adder skeleton (D:4)
  A worm (D:2)
  5 dart slugs
  7 ball pythons
  3 endoplasms
  3 giant cockroaches
  5 goblins
  6 hobgoblins
  5 quokkas
  3 bats
  2 frilled lizards
  9 kobolds
  6 rats
73 creatures vanquished.

Vanquished Creatures (others)
  8 plants (D:3)
8 creatures vanquished.

Grand Total: 81 creatures vanquished

Notes
Turn   | Place    | Note
-------+----------+-------------------------------------------
     0 | D:1      | ZARRMARR the Troll Monk began the quest for the Orb.
     0 | D:1      | Reached XP level 1. HP: 22/22 MP: 0/0
    28 | D:1      | Reached XP level 2. HP: 27/29 MP: 1/1
    75 | D:1      | Found a faded altar of an unknown god.
   326 | D:1      | Reached XP level 3. HP: 36/36 MP: 2/2
   715 | D:2      | Noticed Terence
   720 | D:2      | Reached skill level 4 in Unarmed Combat
   727 | D:2      | Killed Terence
   728 | D:2      | Reached XP level 4. HP: 27/45 MP: 3/3
  1537 | D:3      | Found a bloodstained altar of Trog.
  1658 | D:3      | Found a sparkling altar of Nemelex Xobeh.
  2039 | D:4      | Reached skill level 5 in Unarmed Combat
  2039 | D:4      | Reached XP level 5. HP: 42/53 MP: 4/4
  2088 | D:4      | Noticed a phantom
  2098 | D:4      | Killed a phantom
  2289 | D:4      | Reached XP level 6. HP: 62/62 MP: 5/5
  2436 | D:4      | Reached skill level 6 in Unarmed Combat
  2879 | D:5      | Entered Level 5 of the Dungeon
  2879 | D:5      | Found Vyul's Book Shop.
  2918 | D:5      | Noticed Pikel
  3002 | D:5      | Slain by a lemure

Illustrated notes

Levels and vault maps discovered:
D:1:      heliophobic_arrival_enchanted_forest, layout_rooms,
          basic_ecumenical_altar, chequers_decorated_corner,
          hangedman_glass_teeth, roderic_nine_men_s_morris
D:2:      layout_loops_ring, minmay_misc_feat_rugged, minmay_pentomino_p2,
          uniq_terence
D:3:      layout_loops_cross, trog_three_pillars_becter,
          nemelex_spade_bored_becter, serial_bayou, serial_bayou_crossing,
          serial_bayou_pond_a, serial_bayou_pond_e, serial_bayou_pond_c,
          minmay_misc_feat_cross
D:4:      layout_basic, hangedman_abyss_or_decor_stagger,
          minmay_misc_feat_roman, minmay_statues_item
D:5:      layout_basic, lemuel_round_altar, serial_shops, nicolae_stop_n_shop_2,
          dk_noncrumbling_3, uniq_pikel, uniq_crazy_yiuf_cottage

Skill      XL: |  1  2  3  4  5  6 |
---------------+-------------------+-----
Fighting       | 3 4 |  4.1
Unarmed Combat | 4 5 6 |  6.8
Dodging        | |  2.4
Stealth        | |  1.0

Action                   |  1- 3 |  4- 6 || total
-------------------------+-------+-------++-------
Melee: Unarmed           |    58 |   113 ||   171
       Punch             |     2 |     2 ||     4
Throw: Boomerang         |    30 |    33 ||    63
       Javelin           |       |    11 ||    11
  Use: Scroll            |     1 |     6 ||     7
 Stab: Sleeping          |     1 |     2 ||     3
Armor: Robe              |    21 |    23 ||    44
Dodge: Dodged            |    32 |    52 ||    84
